Map: [ESL] Hard Lead

Players

Strange

  • Race: Protoss Protoss
  • League: Grandmaster
  • Spawn Location: 5:00

LiquidClem (Clem) - Winner!

  • Race: Terran Terran
  • League: Grandmaster
  • Spawn Location: 11:00

Event: IEM Katowice 2024

VOD

Have the link to the VOD?

Description

Time

  • Played on: Dec. 8, 2023, 12:27 p.m.
  • Length: 9:28

All games in this series

Show
View Real Time Build Order
Export as new Build Order

Strange Protoss 

Build Orders: Blink Stalkers, Zealot Archon 

Get SALT Encoding   

  12  0:00  Probe  
  13  0:12  Probe  
  14  0:19  Pylon  
  14  0:24  Probe (Chrono Boost)  
  15  0:37  Probe (Chrono Boost)  
  15  0:38  Gateway  
  16  0:45  Probe (Chrono Boost)  
  16  0:46  Assimilator  
  17  0:51  Probe  
  18  1:03  Probe  
  19  1:15  Probe  
  20  1:27  Cybernetics Core, Probe  
  21  1:37  Assimilator  
  21  1:43  Pylon  
  21  1:54  Nexus  
  21  2:00  Adept (Chrono Boost)  
  21  2:05  Warp Gate  
  21  2:08  Probe  
  23  2:13  Assimilator  
  23  2:20  Adept (Chrono Boost), Probe  
  26  2:32  Probe  
  27  2:43  Stalker (Chrono Boost)  
  30  2:44  Probe  
  30  2:53  Twilight Council  
  30  2:56  Probe  
  31  3:08  Probe  
  31  3:09  Probe  
  31  3:10  Stalker (Chrono Boost)  
  33  3:17  Gateway  
  33  3:20  Probe  
  33  3:21  Probe  
  35  3:28  Gateway  
  35  3:34  Blink (Chrono Boost)  
  35  3:38  Probe  
  35  3:40  Probe  
  37  3:49  Pylon  
  37  3:50  Probe  
  37  3:55  Stalker  
  38  3:57  Probe  
  36  4:03  Probe  
  36  4:10  Probe (Chrono Boost)  
  36  4:15  Probe (Chrono Boost)  
  34  4:22  Probe (Chrono Boost)  
  36  4:25  Probe (Chrono Boost)  
  36  4:28  Probe (Chrono Boost), Stalker x2  
  36  4:31  Probe (Chrono Boost)  
  41  4:36  Probe  
  43  4:41  Probe  
  44  4:47  Robotics Facility  
  44  4:48  Probe  
  45  4:53  Probe, Pylon  
  45  4:59  Assimilator  
  46  5:00  Sentry, Probe  
  46  5:01  Assimilator  
  46  5:05  Probe  
  50  5:11  Pylon  
  50  5:12  Probe  
  50  5:14  Shield Battery  
  51  5:17  Probe  
  52  5:24  Probe  
  53  5:29  Probe  
  54  5:36  Probe  
  54  5:41  Probe  
  54  5:45  Robotics Bay  
  54  5:46  Observer (Chrono Boost)  
  54  5:47  Pylon  
  54  5:48  Probe  
  54  5:52  Sentry x2  
  54  5:54  Probe  
  59  6:00  Probe, Pylon  
  59  6:01  Immortal (Chrono Boost)  
  64  6:12  Gateway x2  
  64  6:14  Charge (Chrono Boost)  
  64  6:18  Probe  
  65  6:31  Colossus (Chrono Boost)  
  65  6:34  Extended Thermal Lance  
  71  6:45  Pylon  
  71  6:49  Pylon  
  71  7:01  Pylon  
  71  7:10  Pylon  
  71  7:11  Colossus (Chrono Boost)  
  71  7:12  Stalker x4  
  85  7:30  Gateway  
  85  7:34  Gateway  
  85  7:37  Zealot x2, Stalker x2  
  92  7:44  Pylon  
  92  7:57  Archon, Colossus (Chrono Boost)  
  92  8:00  Zealot x3  
  92  8:02  Zealot  
  106  8:24  Zealot x2  
  109  8:28  Pylon x2  
  109  8:37  Zealot x4  
  105  8:53  Zealot x2  
  99  9:08  Zealot x4  
  101  9:16  Zealot  
  101  9:17  Zealot  
Show
View Real Time Build Order
Export as new Build Order

LiquidClem Terran - Winner!

Build Orders: 1/1/1 

Get SALT Encoding   

  12  0:00  SCV  
  13  0:12  SCV  
  14  0:16  Supply Depot  
  14  0:24  SCV  
  14  0:27  Refinery  
  15  0:38  SCV  
  16  0:43  Barracks  
  16  0:50  SCV  
  17  1:02  SCV  
  18  1:14  SCV  
  18  1:17  Engineering Bay  
  19  1:31  Orbital Command  
  19  1:35  Factory, Marine  
  19  1:45  Supply Depot  
  19  1:53  Barracks Reactor  
  19  1:57  SCV  
  20  2:09  SCV  
  21  2:22  SCV  
  22  2:26  Starport  
  22  2:30  Supply Depot  
  22  2:33  Hellion x2  
  22  2:34  SCV  
  27  2:48  Command Center  
  27  2:55  Hellion  
  29  3:00  Hellion  
  29  3:04  SCV  
  32  3:12  Barracks Tech Lab  
  32  3:14  Refinery  
  32  3:17  Medivac  
  32  3:19  SCV  
  35  3:32  SCV  
  36  3:38  Cyclone  
  36  3:40  Barracks  
  38  3:41  Marine  
  38  3:46  Supply Depot  
  39  4:00  SCV, Marine  
  41  4:03  SCV  
  41  4:07  Marine  
  39  4:12  SCV  
  38  4:17  Siege Tank, Marine  
  42  4:24  Barracks, SCV  
  42  4:28  Barracks Tech Lab  
  43  4:32  Marine  
  43  4:36  SCV  
  46  4:41  Orbital Command  
  46  4:43  Marine  
  46  4:48  SCV, Marine  
  46  4:51  Siege Tank  
  49  4:55  Bunker  
  49  4:58  Marine  
  50  5:00  SCV  
  50  5:05  Supply Depot  
  52  5:09  Marauder  
  52  5:10  SCV  
  52  5:12  Marine  
  55  5:15  SCV  
  55  5:16  Marine  
  55  5:17  Marine  
  55  5:21  Starport Tech Lab  
  58  5:22  Stimpack  
  58  5:24  SCV  
  58  5:27  SCV  
  58  5:36  Supply Depot, SCV  
  58  5:39  Marine x2, SCV  
  61  5:45  Raven  
  61  5:48  SCV, Engineering Bay  
  64  5:51  Marauder, SCV  
  64  5:52  Combat Shield  
  64  5:54  Factory Reactor  
  67  5:57  Refinery  
  67  6:01  SCV  
  67  6:03  Supply Depot  
  67  6:04  SCV  
  69  6:05  Marine x2  
  71  6:13  SCV  
  71  6:16  Terran Infantry Weapons Level 1, SCV  
  71  6:17  Supply Depot  
  73  6:22  Refinery  
  73  6:24  Marauder x2  
  77  6:27  Marine, SCV  
  77  6:29  Marine  
  77  6:30  SCV  
  81  6:34  Supply Depot  
  81  6:39  SCV  
  82  6:42  SCV  
  82  6:43  Medivac  
  82  6:47  Medivac  
  87  6:48  Supply Depot  
  87  6:49  Marine x2  
  87  6:51  SCV  
  87  6:52  Marauder  
  92  6:55  Marauder  
  92  6:57  Factory Reactor  
  92  7:00  Supply Depot  
  94  7:06  Concussive Shells  
  94  7:07  Marine x2  
  96  7:13  SCV x2  
  96  7:15  Marauder  
  100  7:18  Medivac  
  100  7:19  Marauder  
  103  7:25  Marine, Medivac  
  103  7:26  Marine  
  107  7:34  Command Center  
  109  7:37  Widow Mine  
  109  7:38  Widow Mine  
  109  7:41  Marauder  
  113  7:45  Supply Depot  
  113  7:47  Marine  
  113  7:53  Marine  
  113  7:54  Marauder, SCV x2  
  118  8:07  Viking x2, SCV  
  118  8:12  Supply Depot  
  123  8:17  Supply Depot  
  123  8:19  SCV  
  125  8:28  Marauder  
  125  8:32  Marauder  
  125  8:34  Siege Tank  
  129  8:37  Viking x2  
  129  8:39  Marine x2  
  134  8:44  Supply Depot  
  134  9:01  Marauder  
  130  9:06  Barracks x2  

Tags
 
Add a new tag
Caveats
  • Supply blocks, unpowered buildings, or Contaminate may cause inaccurate times.
  • Supply counts are checked every 10 seconds.